 Dungeon Crawl Stone Soup version 0.29-a0-613-gf2c431b9b9 (webtiles) character file.

Game seed: 1847079617763340364

29 DocClef the Skirmisher (level 3, -5/34 HPs)
             Began as a Draconian Fighter on June 16, 2022.
             Slain by Terence
             ... wielding a +0 flail
              (7 damage)
             ... on level 2 of the Dungeon.
             The game lasted 00:00:48 (1517 turns).

DocClef the Skirmisher (Draconian Fighter)          Turns: 1517, Time: 00:00:49

Health: -5/34      AC:  5    Str: 20    XL:     3   Next: 1%
Magic:  3/3        EV: 11    Int:  8    God:
Gold:   47         SH:  4    Dex: 10    Spells: 2/2 levels left

rFire   . . .      SeeInvis .   a - +0 war axe
rCold   . . .      Faith    .   b - +0 buckler
rNeg    . . .      Spirit   .   (body armour unavailable)
rPois   .          Reflect  .   (helmet restricted)
rElec   .          Harm     .   (no cloak)
rCorr   .          Rampage  .   (no gloves)
Will    .....                   (no boots)
Stlth   +.........              (no amulet)
HPRegen 0.11/turn               (no ring)
MPRegen 0.08/turn               (no ring)

@: no status effects
A: AC +5, unfitting armour, cold-blooded
a: no special abilities


You were on level 2 of the Dungeon.
You visited 1 branch of the dungeon, and saw 2 of its levels.

You collected 47 gold pieces.

Inventory:

Hand Weapons
 a - a +0 war axe (weapon)
Armour
 b - a +0 buckler (worn)
Scrolls
 d - 4 scrolls of identify {unknown}
 e - a scroll of enchant weapon {unknown}
 f - a scroll of blinking {unknown}
 g - 2 scrolls of fear {unknown}
 h - a scroll of teleportation {unknown}
Potions
 c - a potion of might
 i - a potion of mutation {unknown}


   Skills:
 + Level 4.6 Fighting
 - Level 2.0 Axes
 - Level 2.6 Dodging
 - Level 3.0 Shields


You had 2 spell levels left.
You didn't know any spells.
Your spell library contained the following spells:

 Spells                   Type           Power      Damage    Failure   Level
 Sting                    Tmut/Pois      0%         1d3       50%         1
 Poisonous Vapours        Pois/Air       0%         N/A       65%         2
 Olgreb's Toxic Radiance  Pois           0%         N/A       99%         4


Dungeon Overview and Level Annotations

Branches:
Dungeon (2/15)

Altars:

Annotations:
D:2 Terence


Innate Abilities, Weirdness & Mutations

Your plain brown scales are hard. (AC +5)
You cannot fit into any form of body armour.
You are cold-blooded and may be slowed by cold attacks.


Message History

Terence is nearby!
Terence is nearby!
You barely miss Terence.
Your tail-slap misses Terence.
Terence hits you with a +0 flail!
Terence asks, "Do you want it fast or slow?"
You block Terence's attack.
You closely miss Terence. You block Terence's attack.
You hit Terence but do no damage. You block Terence's attack.
Terence hits you with a +0 flail!
You are too injured to fight recklessly!
You are too injured to fight recklessly!
You are too injured to fight recklessly!
You hit Terence.
Terence is lightly wounded.
Terence hits you with a +0 flail!
* * * LOW HITPOINT WARNING * * *
You hit Terence but do no damage.
Terence is lightly wounded.
You block Terence's attack.
You hit Terence.
Your tail-slap misses Terence.
Terence is heavily wounded.
Terence hits you with a +0 flail.
* * * LOW HITPOINT WARNING * * *
You block Terence's attack.
Unknown command.
You closely miss Terence.
Terence is heavily wounded.
Terence misses you.
You closely miss Terence. You tail-slap Terence.
Terence is heavily wounded.
Terence closely misses you. Terence hits you with a +0 flail.
* * * LOW HITPOINT WARNING * * *
Unknown command.
You hit Terence.
Terence is severely wounded.
You block Terence's attack.
You hit Terence.
Terence is severely wounded.
You block Terence's attack. Terence hits you with a +0 flail!
You die...

######## #......#
#.###.####.#
#..@@.####.#
#.....#....##########
#.....#.#####........
#.....#.....'........
#.....#######........
#....................
#....................
###......##..#+######
#......##..#.#


You could see Terence.

Vanquished Creatures
  3 dart slugs (D:1)
  2 endoplasms (D:1)
  2 giant cockroaches
  4 goblins
  A hobgoblin (D:1)
  A ball python (D:1)
  3 bats (D:1)
  3 frilled lizards (D:1)
  3 kobolds
  A rat (D:2)
23 creatures vanquished.

Notes
Turn   | Place    | Note
-------+----------+-------------------------------------------
     0 | D:1      | DocClef the Draconian Fighter began the quest for the Orb.
     0 | D:1      | Reached XP level 1. HP: 19/19 MP: 1/1
   279 | D:1      | Reached skill level 4 in Fighting
   279 | D:1      | Reached XP level 2. HP: 27/27 MP: 2/2
  1418 | D:2      | Reached XP level 3. HP: 27/34 MP: 3/3
  1506 | D:2      | Noticed Terence
  1517 | D:2      | Slain by Terence

Illustrated notes

Levels and vault maps discovered:
D:1:      dpeg_arrival_boxorama, layout_loops_corners, minmay_tetromino_i4
D:2:      layout_basic, uniq_terence

Skill      XL: |  1 |
---------------+----+-----
Fighting       | 4 |  4.6
Axes           | |  2.0
Dodging        | |  2.6
Shields        | |  3.0

Action                   || total
-------------------------++-------
Melee: War axe           ||    66
       Tailslap          ||     7
 Stab: Sleeping          ||     1
Armor: Skin              ||    17
Dodge: Dodged            ||    24
Block: Buckler           ||    20

Table legend: (Time is in decaauts)
 A = Elapsed time spent in this place.
 B = Non-inter-level travel time spent in this place.
 C = Inter-level travel time spent in this place.
 D = Time resting spent in this place.
 E = Time spent auto-exploring this place.
 F = Levels seen in this place.
 G = Mean time per level.
                   A        B        C        D        E       F      G
               +--------+--------+--------+--------+--------+-----+--------+
         Total |   1545 |   1457 |     88 |      0 |   1269 |   2 |  772.5 |
       Dungeon |   1545 |   1457 |     88 |      0 |   1269 |   2 |  772.5 |
               +--------+--------+--------+--------+--------+-----+--------+

Top non-repeatable levels by time:
     D:1: 1147 daAuts
     D:2: 398 daAuts
